 Dungeon Crawl Stone Soup version 0.31-a0-880-g9a209b2425 (webtiles) character file.

Game seed: 3383998262811841380

542 Morbidden the Shooter (level 7, -1/53 HPs)
             Began as a Formicid Hunter on Oct 15, 2023.
             Slain by a centaur
             ... wielding a +0 war axe
              (6 damage)
             ... on level 5 of the Dungeon.
             The game lasted 00:03:27 (3136 turns).

Morbidden the Shooter (Formicid Hunter)             Turns: 3136, Time: 00:03:27

Health: -1/53      AC:  3    Str: 15    XL:     7   Next: 52%
Magic:  7/7        EV: 13    Int:  9    God:
Gold:   67         SH:  0    Dex: 23    Spells: 6/6 levels left

rFire   . . .        b - +7 short sword "Ummiz" {holy, *Corrode rPois Dex+4}
rCold   . . .        (no shield)
rNeg    . . .        c - +0 leather armour
rPois   +            (helmet unavailable)
rElec   .            (no cloak)
rCorr   .            (no gloves)
SInv    +            (no boots)
Will    .....        (no amulet)
Stlth   ++           (no ring)
HPRegen 0.28/turn    (no ring)
MPRegen 0.10/turn

%: corrode self (3%)
@: no status effects
A: permanent stasis, dig shafts and tunnels, antennae 3, four strong arms
a: Dig, Shaft Self


You were on level 5 of the Dungeon.
You visited 1 branch of the dungeon, and saw 4 of its levels.
You also visited: Sewer.

You collected 67 gold pieces.

Inventory:

Hand Weapons
 a - a +0 shortbow
 b - the +7 short sword "Ummiz" (weapon) {holy, *Corrode rPois Dex+4}
   (You found it on level 2 of the Dungeon)

   Dex+4:     It affects your dexterity (+4).
   rPois:     It protects you from poison *Corrode: It may corrode you when you
   take damage.
 l - a +0 long sword
Armour
 c - a +0 leather armour (worn)
Wands
 o - a wand of flame (12)
Scrolls
 d - 3 scrolls of teleportation
 f - a scroll of amnesia
 h - 3 scrolls of identify
 i - 4 scrolls of enchant weapon
 p - a scroll of revelation {unknown}
 r - a scroll of brand weapon {unknown}
Potions
 g - a potion of ambrosia {unknown}
 j - 2 potions of curing
 k - a potion of degeneration {unknown}
 m - a potion of enlightenment {unknown}
 n - a potion of mutation {unknown}
 q - 2 potions of brilliance {unknown}


   Skills:
 * Level 3.9 Fighting
 + Level 2.0(2.5) Short Blades
 * Level 2.2(2.6) Long Blades
 * Level 5.9 Ranged Weapons
 * Level 2.8 Armour
 * Level 2.7 Dodging
 + Level 1.9 Stealth


You had 6 spell levels left.
You didn't know any spells.
Your spell library contained the following spells:

 Spells                   Type           Power      Damage    Failure   Level
 Summon Small Mammal      Summ           0%         N/A       45%         1
 Call Canine Familiar     Summ           0%         N/A       83%         3
 Summon Guardian Golem    Hex/Summ       0%         N/A       83%         3


Dungeon Overview and Level Annotations

Branches:
Dungeon (5/15)              Sewer (visited)
 Temple: D:4-7

Altars:
Elyvilon

Annotations:
D:2 1 runed translucent door, Crazy Yiuf
D:3 Robin


Innate Abilities, Weirdness & Mutations

You cannot be hasted, slowed, berserked, paralysed or teleported.
You can dig through walls and to a lower floor.
You have a pair of large antennae on your head. (SInv)
Your four strong arms can wield two-handed weapons with a shield.


Message History

The centaur is lightly wounded.
The centaur shoots an arrow.
The arrow misses you.
Unknown command.
You shoot an arrow.
The arrow hits the centaur but does no damage.
The centaur is lightly wounded.
The centaur shoots an arrow.
The arrow barely misses you.
Unknown command.
Unknown command.
You shoot an arrow. The arrow hits the centaur.
The centaur is moderately wounded.
The centaur shoots an arrow.
The arrow hits you!
Unknown command.
You shoot an arrow. The arrow hits the centaur!
The centaur is severely wounded.
The centaur shoots an arrow.
The arrow completely misses you.
Unknown command.
You shoot an arrow. The arrow closely misses the centaur.
The centaur shoots an arrow.
The arrow barely misses you.
The centaur shoots an arrow.
The arrow hits you!
Unknown command.
You are too injured to fight recklessly!
Unknown command.
You are too injured to fight recklessly!
Found a flux talisman.
The centaur unwields a +0 orcbow.
The centaur wields a +0 war axe.
The centaur closely misses you. The centaur barely misses you.
Unknown command.
Unknown command.
Unknown command.
You feel agile.
The +7 short sword "Ummiz" {holy, *Corrode rPois Dex+4} softly glows with a divine radiance!
b - the +7 short sword "Ummiz" (weapon)
{holy, *Corrode rPois Dex+4} The centaur hits you with a +0 war axe!
* * * LOW HITPOINT WARNING * * *
The centaur closely misses you.
You completely miss the centaur.
The centaur is heavily wounded.
The centaur hits you with a +0 war axe.
You die...

.# .# #.# ## #.# # #.#
~~ #.# ~~~ ##### ##.#
,..~~ ....#
#..#########...~~
###.####.........))..~PP
............##..@c....~~
[)....##.##.........?.~~
[.....##.##.##.......P~~
###.#.##..............~~
.##########....###...PP~
.~~~~~~))~#...## ...~~~
###########...# %.....
##..# ..###. ...#


You could see a centaur.

Vanquished Creatures
  Menkaure (D:5)
  3 orc priests (D:5)
  Natasha (thrice) (D:2)
  A hell rat (Sewer)
  4 orc wizards (D:5)
  3 gnolls (D:3)
  4 adders
  8 orcs
  2 endoplasms
  4 giant cockroaches (D:2)
  5 goblins
  3 hobgoblins
  7 jackals
  4 quokkas
  2 ball pythons
  4 bats
  8 frilled lizards
  5 rats
71 creatures vanquished.

Notes
Turn   | Place    | Note
-------+----------+-------------------------------------------
     0 | D:1      | Morbidden the Formicid Hunter began the quest for the Orb.
     0 | D:1      | Reached XP level 1. HP: 16/16 MP: 1/1
    98 | D:1      | Reached XP level 2. HP: 22/22 MP: 2/2
   688 | D:2      | Identified the +7 short sword "Ummiz" {holy, *Corrode rPois
                  | Dex+4}
   775 | D:2      | Noticed Natasha
   783 | D:2      | Killed Natasha
   784 | D:2      | Reached skill level 5 in Ranged Weapons
   784 | D:2      | Reached XP level 3. HP: 15/27 MP: 3/3
   842 | D:2      | Identified the +1 ring mail of Greater Demons {rElec rC-
                  | Str+2}
   911 | D:2      | Noticed Natasha
   922 | D:2      | Killed Natasha
   923 | D:2      | Reached XP level 4. HP: 3/33 MP: 4/4
  1190 | D:2      | Noticed Natasha
  1196 | D:2      | Killed Natasha
  1197 | D:2      | Reached skill level 1 in Armour
  1197 | D:2      | Reached XP level 5. HP: 27/39 MP: 5/5
  1267 | D:2      | Found a white marble altar of Elyvilon.
  1341 | D:2      | Reached skill level 1 in Long Blades
  1355 | D:2      | Found a runed translucent door.
  1356 | D:2      | Noticed Crazy Yiuf
  1477 | D:2      | Found a runed translucent door.
  1519 | D:2      | Found a white marble altar of Elyvilon.
  2559 | D:3      | Noticed Robin
  2577 | D:3      | You fall into a shaft and drop 2 floors!
  2577 | D:5      | Entered Level 5 of the Dungeon
  2581 | D:5      | Noticed Menkaure
  2589 | D:5      | Killed Menkaure
  2590 | D:5      | Reached skill level 1 in Short Blades
  2590 | D:5      | Reached XP level 6. HP: 35/47 MP: 6/6
  2599 | D:5      | Reached XP level 7. HP: 36/52 MP: 7/7
  2650 | D:5      | Found a glowing drain.
  2661 | Sewer    | Entered a sewer
  2959 | D:5      | HP: 2/51 [orc/+0 short sword (3)]
  3136 | D:5      | Slain by a centaur

Illustrated notes

Levels and vault maps discovered:
D:1:      dpeg_arrival_round_b, layout_loops_ring
D:2:      layout_basic, basic_altar, uniq_natasha, uniq_crazy_yiuf_cottage
D:3:      layout_basic, nicolae_sif_muna_condensation,
          minmay_overflow_temple_star_quad, serial_glass, glass_columns_a,
          glass_columns_c, feat_on_display, feat_on_display,
          due_unseen_surprise, feat_on_display, uniq_jessica, uniq_robin
D:5:      layout_loops_cross, serial_shops, shop, serial_bayou,
          serial_bayou_shore_a, serial_bayou_ford_a, serial_bayou_crossing,
          serial_bayou_lake_a, portal_sewer_entry_d, uniq_menkaure

Skill      XL: |  1  2  3  4  5  6  7 |
---------------+----------------------+-----
Ranged Weapons | 5 |  5.9
Dodging        | 2 |  2.7
Armour         | 1 2 |  2.8
Long Blades    | 1 2 |  2.2
Fighting       | 3 |  3.9
Short Blades   | 1 2 |  2.0
Stealth        | |  1.9

Action                     |  1- 3 |  4- 6 |  7- 9 || total
---------------------------+-------+-------+-------++-------
  Melee: Short sword       |    10 |    80 |    48 ||   138
         Long sword        |     2 |       |       ||     2
         Punch             |       |     1 |       ||     1
   Fire: Shortbow          |    43 |    15 |    24 ||    82
Ability: Shaft Self        |       |     1 |       ||     1
  Evoke: Wand              |       |       |     2 ||     2
    Use: Scroll            |       |     6 |       ||     6
         Potion            |       |     2 |     1 ||     3
   Stab: Sleeping          |       |     2 |       ||     2
 Armour: Leather armour    |    32 |    54 |    31 ||   117
  Dodge: Dodged            |    30 |    59 |    22 ||   111

Table legend: (Time is in decaauts)
 A = Elapsed time spent in this place.
 B = Non-inter-level travel time spent in this place.
 C = Inter-level travel time spent in this place.
 D = Time resting spent in this place.
 E = Time spent auto-exploring this place.
 F = Levels seen in this place.
 G = Mean time per level.
                   A        B        C        D        E       F      G
               +--------+--------+--------+--------+--------+-----+--------+
         Total |   3158 |   3103 |     55 |    814 |   1795 |   5 |  631.6 |
       Dungeon |   2873 |   2818 |     55 |    701 |   1665 |   4 |  718.2 |
         Sewer |    284 |    284 |      0 |    113 |    130 |   1 |  284.0 |
               +--------+--------+--------+--------+--------+-----+--------+

Top non-repeatable levels by time:
     D:2: 1432 daAuts
     D:1: 661 daAuts
     D:3: 489 daAuts
     D:5: 289 daAuts
   Sewer: 284 daAuts
